Map: Neo Seoul LE

Players

SLicKcHeeZEE - Winner!

  • Race: Zerg Zerg
  • League: Bronze

A.I. 1 (Very Hard)

  • Race: Terran Terran

VOD

Have the link to the VOD?

Description

Time

  • Played on: Sept. 28, 2026, 9:23 p.m.
  • Length: 12:43
Show
View Real Time Build Order
Export as new Build Order

SLicKcHeeZEE Zerg - Winner!

Build Orders: Hatch First, Roach Hydra 

Get SALT Encoding   

  8  0:00  Drone  
  9  0:11  Drone  
  10  0:16  Drone  
  11  0:28  Overlord  
  11  0:34  Drone  
  12  0:46  Drone x2  
  14  0:51  Drone  
  15  1:14  Hatchery  
  15  1:18  Drone  
  15  1:21  Drone  
  16  1:26  Drone  
  17  1:40  Spawning Pool  
  17  1:42  Drone  
  17  1:47  Drone  
  17  1:48  Extractor  
  17  1:51  Drone  
  18  2:00  Drone  
  19  2:12  Overlord  
  19  2:27  Queen  
  19  2:29  Queen  
  21  2:32  Zergling x2  
  21  2:35  Drone x2  
  26  2:38  Drone  
  26  2:41  Drone  
  28  2:46  Extractor  
  28  2:49  Overlord  
  27  3:00  Roach Warren  
  26  3:08  Lair  
  26  3:17  Drone x3  
  30  3:27  Drone, Overlord  
  30  3:41  Roach x2  
  30  3:42  Roach  
  30  3:44  Roach  
  38  3:53  Queen  
  40  4:09  Hydralisk Den  
  39  4:11  Overlord  
  39  4:17  Drone x2  
  39  4:18  Drone x2  
  43  4:26  Drone  
  44  4:38  Hydralisk  
  44  4:39  Hydralisk x2  
  44  4:40  Hydralisk  
  52  4:45  Overlord  
  52  4:56  Extractor  
  52  4:58  Drone x4  
  52  4:59  Drone  
  56  5:04  Drone x2  
  56  5:05  Drone  
  59  5:10  Overlord  
  59  5:17  Grooved Spines  
  59  5:19  Glial Reconstitution  
  59  5:24  Evolution Chamber  
  58  5:44  Hatchery  
  56  5:50  Drone x2  
  56  5:51  Drone x2  
  56  5:52  Overlord  
  56  5:53  Overlord  
  56  5:57  Zerg Missile Weapons Level 1  
  60  6:00  Evolution Chamber  
  59  6:07  Muscular Augments  
  59  6:08  Extractor  
  58  6:12  Queen  
  60  6:26  Baneling Nest  
  60  6:27  Drone x3  
  60  6:29  Zerg Ground Armor Level 1  
  62  6:43  Drone x3  
  62  6:44  Drone x5  
  62  6:46  Overlord  
  70  7:06  Overlord x2  
  70  7:09  Zergling x10  
  70  7:10  Zergling x6  
  78  7:27  Roach x2  
  78  7:28  Roach x5  
  92  7:34  Baneling x4  
  92  7:35  Baneling x6  
  92  7:39  Overlord x2  
  92  7:54  Overlord x2  
  92  7:56  Overlord  
  92  8:02  Drone x4  
  96  8:09  Hydralisk x5  
  96  8:12  Hydralisk  
  108  8:18  Zerg Missile Weapons Level 2  
  108  8:26  Zerg Ground Armor Level 2  
  108  9:02  Hydralisk x2  
  108  9:03  Hydralisk x7  
  108  9:04  Hydralisk x6  
  138  9:15  Overlord  
  138  9:26  Baneling x3  
  138  9:27  Baneling x3  
  138  9:32  Roach x8  
  138  9:33  Roach  
  156  10:01  Roach x4  
  156  10:03  Overlord  
  156  10:04  Overlord  
  116  11:26  Hydralisk x14  
  116  11:27  Hydralisk x11  
Show
View Real Time Build Order
Export as new Build Order

A.I. 1 (Very Hard) Terran 

Build Orders:  

Get SALT Encoding   

  8  0:00  SCV  
  9  0:13  SCV  
  10  0:25  SCV  
  11  0:37  SCV  
  12  0:45  Supply Depot  
  12  0:49  SCV  
  13  1:07  SCV  
  13  1:11  Barracks  
  14  1:19  SCV  
  15  1:31  SCV  
  16  1:43  SCV  
  17  1:53  Supply Depot  
  17  1:55  SCV  
  17  1:58  Marine  
  17  1:59  Refinery  
  19  2:07  SCV  
  20  2:15  Marine  
  20  2:19  Barracks  
  20  2:20  SCV  
  22  2:28  Refinery  
  22  2:32  SCV  
  22  2:33  Marine  
  24  2:44  SCV  
  25  2:45  Supply Depot  
  25  2:51  Marine  
  25  2:56  SCV  
  27  3:08  SCV  
  27  3:09  Marine  
  27  3:10  Factory  
  29  3:15  Marine  
  30  3:20  SCV  
  30  3:27  Marine  
  31  3:32  SCV  
  31  3:33  Marine  
  34  3:44  SCV, Marine  
  36  3:56  SCV  
  36  3:58  Supply Depot  
  37  4:10  Factory Tech Lab  
  37  4:19  Marine x2, SCV  
  37  4:21  Starport  
  39  4:32  SCV  
  39  4:38  Barracks Tech Lab  
  40  4:39  Barracks Tech Lab  
  40  4:43  Supply Depot  
  40  4:44  SCV  
  41  4:56  SCV  
  41  4:57  Medivac  
  44  5:04  Stimpack  
  44  5:05  Marine, Marauder  
  47  5:07  Supply Depot  
  47  5:08  SCV  
  48  5:21  Orbital Command  
  48  5:23  Marauder  
  48  5:27  Marauder  
  52  5:37  Barracks  
  52  5:38  Supply Depot  
  52  5:43  Command Center  
  52  5:44  Marine  
  52  5:48  Marauder  
  54  6:02  Marauder  
  56  6:05  Medivac  
  56  6:09  Marine  
  59  6:15  Supply Depot, Combat Shield  
  59  6:20  Engineering Bay  
  59  6:23  Marine  
  59  6:25  Barracks Reactor  
  60  6:27  Marauder  
  62  6:41  Marine  
  62  6:43  Engineering Bay  
  63  6:47  Terran Infantry Armor Level 1  
  63  6:49  Marauder  
  65  6:57  Barracks, SCV  
  65  6:59  Marauder  
  65  7:00  SCV  
  69  7:08  Terran Infantry Weapons Level 1  
  69  7:09  SCV  
  69  7:10  Marauder  
  69  7:12  SCV  
  73  7:19  Concussive Shells  
  73  7:21  Marauder, SCV  
  76  7:24  SCV  
  77  7:31  Marauder  
  77  7:33  SCV  
  77  7:35  Supply Depot  
  77  7:36  SCV  
  81  7:42  Marauder  
  83  7:45  SCV  
  83  7:48  SCV  
  85  7:54  Missile Turret  
  85  7:56  Missile Turret, Starport Reactor  
  85  7:58  SCV  
  86  8:00  SCV  
  86  8:03  Supply Depot  
  87  8:09  Marine  
  87  8:10  SCV  
  87  8:11  Marine  
  87  8:12  Marine  
  90  8:13  Orbital Command  
  90  8:14  Marine  
  92  8:26  Supply Depot  
  92  8:27  Marauder  
  92  8:29  Marauder  
  92  8:32  Viking  
  92  8:33  Medivac  
  100  8:44  Missile Turret  
  100  8:49  Marauder  
  100  8:52  Supply Depot  
  100  8:54  Marauder  
  104  9:02  Viking  
  106  9:03  Medivac  
  106  9:05  Refinery  
  106  9:09  Missile Turret  
  108  9:13  Refinery  
  108  9:16  Supply Depot  
  108  9:26  Armory  
  108  9:27  SCV  
  108  9:28  SCV  
  108  9:30  Missile Turret  
  110  9:32  Viking  
  110  9:34  Command Center  
  112  9:39  SCV  
  112  9:45  Supply Depot, SCV  
  114  9:49  Viking  
  116  10:02  Viking  
  116  10:05  Factory  
  118  10:10  Supply Depot  
  118  10:15  Terran Infantry Weapons Level 2  
  118  10:16  Starport  
  118  10:19  Marauder, Viking  
  121  10:22  Marauder  
  123  10:34  Supply Depot  
  123  10:37  Siege Tank  
  123  10:40  Marauder  
  127  10:43  Marauder  
  127  10:48  SCV x2, Factory Tech Lab  
  132  10:52  Starport Tech Lab  
  132  11:00  SCV x2  
  132  11:01  Supply Depot  
  125  11:08  Marine  
  125  11:09  Siege Tank  
  125  11:10  Marine  
  104  11:12  SCV x2, Raven, Marine  
  104  11:15  Marine  
  104  11:16  Marine  
  83  11:24  SCV  
  63  11:26  SCV, Marine  
  63  11:29  Marauder  
  63  11:30  Marine  
  65  11:32  Marine  
  65  11:34  Marine  
  65  11:36  SCV  
  67  11:44  Marine  
  62  11:48  Marine, SCV  
  62  11:49  Marine  
  54  12:01  SCV  
  36  12:02  Marauder  
  36  12:08  Marauder  
  39  12:13  SCV  
  33  12:16  Command Center  
Tags
 
Composition
Roach Hydra
League
Bronze
Matchup
TvZ
Add a new tag
Caveats
  • Supply blocks, unpowered buildings, or Contaminate may cause inaccurate times.
  • Supply counts are checked every 10 seconds.